 Dungeon Crawl Stone Soup version 0.18.1-2-ga659475 (webtiles) character file.

140 Chris7 the Cutter (level 5, 0/32 HPs)
             Began as a Kobold Monk on May 8, 2016.
             Slain by an orc wizard
             ... wielding a +0 dagger
              (3 damage)
             ... on level 3 of the Dungeon.
             The game lasted 00:03:15 (2688 turns).

Chris7 the Cutter (Kobold Monk)                     Turns: 2688, Time: 00:03:16

Health: 0/32       AC:  2    Str: 10    XL:     5   Next: 46%
Magic:  5/5        EV: 17    Int:  8    God:
Gold:   197        SH:  0    Dex: 19    Spells: 0 memorised, 4 levels left

rFire  . . .     SeeInvis .     l - +0 rapier
rCold  . . .     Gourm    .     a - +0 robe
rNeg   . . .     Faith    .     (shield restricted)
rPois  .         Spirit   .     (no helmet)
rElec  .         Dismiss  .     (no cloak)
rCorr  .         Reflect  .     (no gloves)
SustAt .         Harm     .     (no boots)
MR     .....                    (no amulet)
Stlth  +++.......               (no ring)
                                (no ring)

@: not resistant to hostile enchantments, fairly stealthy
A: carnivore 3
a: no special abilities


You were on level 3 of the Dungeon.
You were very full.

You visited 1 branch of the dungeon, and saw 4 of its levels.

You collected 197 gold pieces.

Inventory:

Hand Weapons
 c - a +0 dagger
 l - a +0 rapier (weapon)
Armour
 a - a +0 robe (worn)
Jewellery
 e - an uncursed amulet of faith {unknown}
 o - an uncursed ring of protection from fire {unknown}
Wands
 q - a wand of iceblast (6/15)
Scrolls
 g - a scroll of fear {unknown}
 i - a scroll of immolation {unknown}
 j - 3 scrolls of remove curse {unknown}
 k - a scroll of teleportation {unknown}
 n - a scroll of magic mapping {unknown}
 p - a scroll of enchant armour {unknown}
 s - a scroll of identify {unknown}
Potions
 d - a potion of agility {unknown}
 f - 2 potions of ambrosia {unknown}
 h - 2 potions of heal wounds {unknown}
 m - a potion of cancellation {unknown}
 r - a potion of mutation {unknown}
Comestibles
 b - a meat ration


   Skills:
 - Level 3.4 Fighting
 + Level 5.9 Short Blades
 - Level 3.6 Dodging
 - Level 3.0 Stealth
 - Level 4.0 Unarmed Combat


You had 4 spell levels left.
You didn't know any spells.

Dungeon Overview and Level Annotations

Branches:
Dungeon (4/15)
 Temple: D:4-7

Altars:
Qazlal
Ru
Xom
Zin


Innate Abilities, Weirdness & Mutations

You are small and have problems with some larger weapons.
You are carnivorous and can eat meat at any time.


Message History

The orc wizard barely misses you.
Unknown command.
You hit the orc wizard.
The orc wizard is moderately wounded.
The orc wizard hits you with a dagger.
* * * LOW HITPOINT WARNING * * *
The orc wizard hits you but does no damage.
Unknown command.
You barely miss the orc wizard.
The orc wizard is moderately wounded.
The orc wizard hits you but does no damage.
Unknown command.
You barely miss the orc wizard.
The orc wizard is moderately wounded.
The orc wizard completely misses you.
Unknown command.
You hit the orc wizard.
The orc wizard is severely wounded.
The orc wizard closely misses you. The orc wizard hits you with a dagger.
You die...

######.####...##.##
...............##.##############
###########....#.#.............#
##....##.###########.# #.#.###.#
#.# #.#.# #.# ##.## #.#.###.#
##.#.#
#######.#...#.#########.###†
#....(.....@.............#.#
######....)..<.o....##########..#
.........###.#......# ### ##.#
######.### #........# ##.#####...
..# #.# #.......####.....(....
#.# #.# #.......###.#.#.###%..
#.# #.# ##...................^
#.####.# #......###.#.#.####.#
....##.# ###.#..# ##.†.## #.≈


You could see an orc wizard.

Vanquished Creatures
  Natasha (D:3)
  5 adders
  An ooze (D:3)
  A worm (D:2)
  3 dart slugs
  2 orcs
  3 bats
  3 giant cockroaches
  6 goblins
  10 hobgoblins
  3 jackals (D:2)
  A quokka (D:2)
  2 ball pythons
  2 giant newts (D:1)
  5 kobolds
  9 rats
57 creatures vanquished.

Notes
Turn   | Place    | Note
--------------------------------------------------------------
     0 | D:1      | Chris7 the Kobold Monk began the quest for the Orb.
     0 | D:1      | Reached XP level 1. HP: 14/14 MP: 1/1
   334 | D:1      | Reached skill level 1 in Short Blades
   334 | D:1      | Reached XP level 2. HP: 15/19 MP: 2/2
   419 | D:1      | Reached skill level 2 in Short Blades
   914 | D:2      | Reached XP level 3. HP: 23/23 MP: 3/3
   940 | D:2      | Reached skill level 3 in Short Blades
  1631 | D:2      | Reached XP level 4. HP: 25/28 MP: 4/4
  1637 | D:2      | Reached skill level 4 in Short Blades
  1954 | D:2      | Noticed an angel
  1955 | D:2      | Found a glowing silver altar of Zin.
  2215 | D:3      | Reached skill level 5 in Short Blades
  2254 | D:3      | Found a shimmering altar of Xom.
  2267 | D:3      | Reached XP level 5. HP: 32/32 MP: 5/5
  2421 | D:3      | Noticed Natasha
  2422 | D:3      | Killed Natasha
  2431 | D:3      | Found a stormy altar of Qazlal.
  2499 | D:3      | Found a sacrificial altar of Ru.
  2688 | D:3      | Slain by an orc wizard

Skill      XL: |  1  2  3  4 |
---------------+-------------+-----
Stealth        | 3 |  3.0
Short Blades   | 1 2 3 5 |  5.9
Fighting       | |  3.4
Dodging        | |  3.6
Unarmed Combat | |  4.0

Action                   |  1- 3 |  4- 6 || total
-------------------------+-------+-------++-------
Melee: Dagger            |    53 |       ||    53
       Rapier            |    32 |    99 ||   131
 Stab: Sleeping          |     8 |     9 ||    17
  Eat: Chunk             |    10 |     3 ||    13
Armor: Robe              |     7 |    11 ||    18
Dodge: Dodged            |    56 |    59 ||   115
